3AAA
SYLVANIA MAPLE LEAVES @ MILTON BILLS
05/20/2017
 
TOP OF THE 1ST
Sylvania Maple Leaves batting - Pitching for Milton Bills : RHP Oliver Bottcher
Pitching: RHP Oliver Bottcher
Batting: RHB Kenny Norton 0-0: Ball
1-0: Ball
2-0: Foul Ball, location: 2F
2-1: Fly out, F9 (Flyball, 89M)
Batting: RHB José Valdéz 0-0: Ball
1-0: Ball
2-0: Foul Ball, location: 2F
2-1: Fly out, F7 (Flyball, 78M)
Batting: RHB Harris Harden 0-0: Ball
1-0: Called Strike
1-1: Ground out 5-3 (Groundball, 56S)
Top of the 1st over - 0 run(s), 0 hit(s), 0 error(s), 0 left on base; Sylvania 0 - Milton 0
BOTTOM OF THE 1ST
Milton Bills batting - Pitching for Sylvania Maple Leaves : LHP Dalton García
Pitching: LHP Dalton García
Batting: LHB Lance Schiffer 0-0: Ball
1-0: Foul Ball, location: 2F
1-1: Foul Ball, location: 2F
1-2: Ball
2-2: Ball
3-2: Fly out, F9 (Line Drive, 89M)
Batting: LHB Johnny Hernández 0-0: Ball
1-0: Ball
2-0: Ball
3-0: Called Strike
3-1: Foul Ball, location: 2F
3-2: Base on Balls
Batting: SHB John Allen 0-0: Grounds into double play, 6-4-3 (Groundball, 56)
Bottom of the 1st over - 0 run(s), 0 hit(s), 0 error(s), 0 left on base; Sylvania 0 - Milton 0
TOP OF THE 2ND
Sylvania Maple Leaves batting - Pitching for Milton Bills : RHP Oliver Bottcher
Batting: RHB Bartolo García 0-0: Ball
1-0: Ball
2-0: Called Strike
2-1: SINGLE (Groundball, 6M)
Batting: RHB Bernardo Márquez 0-0: Foul Ball, location: 2F
0-1: Ball
1-1: Ball
2-1: Foul Ball, location: 2F
2-2: Ball
3-2: Base on Balls
Bartolo García to second
Batting: RHB Yao-qing Ya 0-0: SINGLE (Line Drive, 7S)
Bartolo García to third
Bernardo Márquez to second
Batting: LHB Chris Randolph 0-0: Ball
1-0: Called Strike
1-1: DOUBLE (Line Drive, 8LM)
Bartolo García scores
Bernardo Márquez scores
Yao-qing Ya to third
Batting: LHB Clyde Palmer 0-0: Ball
1-0: Ball
2-0: Foul Ball, location: 2F
2-1: Called Strike
2-2: SINGLE (Line Drive, 34D)
Yao-qing Ya scores
Chris Randolph to third
Batting: LHB Daniel Ruíz 0-0: Foul Ball, location: 2F
0-1: Fielders Choice at 2nd, 3-6 (Groundball, 3)
Chris Randolph scores
Batting: RHB Kenny Norton 0-0: Ball
1-0: Ball
2-0: Ball
3-0: Foul Ball, location: 2F
3-1: Grounds into double play, 6-4-3 (Groundball, 6)
Top of the 2nd over - 4 run(s), 4 hit(s), 0 error(s), 0 left on base; Sylvania 4 - Milton 0
BOTTOM OF THE 2ND
Milton Bills batting - Pitching for Sylvania Maple Leaves : LHP Dalton García
Batting: SHB Al Anderson 0-0: Ball
1-0: Ball
2-0: Foul Ball, location: 2F
2-1: Called Strike
2-2: Hit by Pitch
Batting: RHB Steve McLeod 0-0: Fly out, F8 (Line Drive, 8LXD)
Batting: RHB Jayson Parsons 0-0: Called Strike
0-1: Ball
1-1: Swinging Strike
1-2: Ball
2-2: Fielders Choice at 2nd, 1-4 (Groundball, 13)
Batting: LHB Edwin Church 0-0: Foul Ball, location: 2F
0-1: Ball
1-1: Ball
2-1: Swinging Strike
2-2: Foul Ball, location: 2F
2-2: Foul Ball, location: 2F
2-2: Ball
3-2: Strikes out swinging
Bottom of the 2nd over - 0 run(s), 0 hit(s), 0 error(s), 1 left on base; Sylvania 4 - Milton 0
TOP OF THE 3RD
Sylvania Maple Leaves batting - Pitching for Milton Bills : RHP Oliver Bottcher
Batting: RHB José Valdéz 0-0: Ball
1-0: Reached on error, E6 (Groundball, 6)
Batting: RHB Harris Harden 0-0: Ball
1-0: SINGLE (Line Drive, 89S)
José Valdéz to third
Batting: RHB Bartolo García 0-0: Swinging Strike
0-1: Called Strike
0-2: SINGLE (Flyball, 8RS)
José Valdéz scores
Harris Harden to second
Runner from 2nd tries for 3rd, SAFE, no throw or cutoff
Batting: RHB Bernardo Márquez 0-0: Called Strike
0-1: Ball
1-1: Ball
2-1: Ball
3-1: Foul Ball, location: 2F
3-2: Grounds into double play, 4-6-3 (Groundball, 34)
Harris Harden scores
Pitching: RHP Louis McDowell
Batting: RHB Yao-qing Ya 0-0: SINGLE (Groundball, 6S)
Batting: LHB Chris Randolph 0-0: SINGLE (Groundball, 6MD)
Yao-qing Ya to second
Runner from 2nd tries for 3rd, SAFE, throw made to third
Batting: LHB Clyde Palmer 0-0: Called Strike
0-1: Called Strike
0-2: Foul Ball, location: 2F
0-2: Strikes out swinging
Top of the 3rd over - 2 run(s), 4 hit(s), 1 error(s), 2 left on base; Sylvania 6 - Milton 0
BOTTOM OF THE 3RD
Milton Bills batting - Pitching for Sylvania Maple Leaves : LHP Dalton García
Batting: RHB Jim Lee 0-0: Bunt for hit - play at first, batter OUT! 5-4
Batting: RHB Roberto Andrade 0-0: Ball
1-0: Ball
2-0: Fly out, F9 (Line Drive, 9M)
Batting: LHB Lance Schiffer 0-0: Called Strike
0-1: Ball
1-1: Ground out 3-1 (Groundball, 34)
Bottom of the 3rd over - 0 run(s), 0 hit(s), 0 error(s), 0 left on base; Sylvania 6 - Milton 0
TOP OF THE 4TH
Sylvania Maple Leaves batting - Pitching for Milton Bills : RHP Louis McDowell
Batting: LHB Daniel Ruíz 0-0: Called Strike
0-1: SINGLE (Groundball, 6M) (infield hit)
Batting: RHB Kenny Norton 0-0: Called Strike
0-1: Ball
1-1: Foul Ball, location: 2F
1-2: Ball
2-2: Fly out, F8 (Flyball, 8RM)
Batting: RHB José Valdéz 0-0: Called Strike
0-1: Swinging Strike
0-2: Ball
1-2: Strikes out swinging
Batting: RHB Harris Harden 0-0: Ball
1-0: Ball
2-0: Called Strike
2-1: Fly out, F7 (Flyball, 7S)
Top of the 4th over - 0 run(s), 1 hit(s), 0 error(s), 1 left on base; Sylvania 6 - Milton 0
BOTTOM OF THE 4TH
Milton Bills batting - Pitching for Sylvania Maple Leaves : LHP Dalton García
Batting: LHB Johnny Hernández 0-0: Ball
1-0: Swinging Strike
1-1: Swinging Strike
1-2: Ball
2-2: Strikes out swinging
Batting: SHB John Allen 0-0: Fly out, F6 (Popup, 6MD)
Batting: SHB Al Anderson 0-0: Swinging Strike
0-1: Ball
1-1: Ball
2-1: Foul Ball, location: 2F
2-2: Strikes out swinging
Bottom of the 4th over - 0 run(s), 0 hit(s), 0 error(s), 0 left on base; Sylvania 6 - Milton 0
TOP OF THE 5TH
Sylvania Maple Leaves batting - Pitching for Milton Bills : RHP Louis McDowell
Batting: RHB Bartolo García 0-0: Called Strike
0-1: Foul Ball, location: 2F
0-2: Strikes out swinging
Batting: RHB Bernardo Márquez 0-0: Ball
1-0: Foul Ball, location: 2F
1-1: Called Strike
1-2: Strikes out looking
Batting: RHB Yao-qing Ya 0-0: Ball
1-0: Foul Ball, location: 2F
1-1: SINGLE (Line Drive, 6)
Batting: LHB Chris Randolph 0-0: Called Strike
0-1: Ball
1-1: Foul Ball, location: 2F
1-2: Foul Ball, location: 2F
1-2: Ball
2-2: Ball
3-2: Ground out 1-3 (Groundball, 25)
Top of the 5th over - 0 run(s), 1 hit(s), 0 error(s), 1 left on base; Sylvania 6 - Milton 0
BOTTOM OF THE 5TH
Milton Bills batting - Pitching for Sylvania Maple Leaves : LHP Dalton García
Batting: RHB Steve McLeod 0-0: Ground out 6-3 (Groundball, 6M)
Batting: RHB Jayson Parsons 0-0: Called Strike
0-1: Foul Ball, location: 2F
0-2: Strikes out looking
Batting: LHB Edwin Church 0-0: Ball
1-0: Ball
2-0: Foul Ball, location: 2F
2-1: Ball
3-1: SINGLE (Line Drive, 9S)
Batting: RHB Jim Lee 0-0: Swinging Strike
0-1: Ball
1-1: Ground out 4-3 (Groundball, 34)
Bottom of the 5th over - 0 run(s), 1 hit(s), 0 error(s), 1 left on base; Sylvania 6 - Milton 0
TOP OF THE 6TH
Sylvania Maple Leaves batting - Pitching for Milton Bills : RHP Louis McDowell
Batting: LHB Clyde Palmer 0-0: Foul Ball, location: 2F
0-1: Ball
1-1: DOUBLE (Line Drive, 3D)
Batting: LHB Daniel Ruíz 0-0: Called Strike
0-1: Ball
1-1: Ball
2-1: Foul Ball, location: 2F
2-2: Foul Ball, location: 2F
2-2: Ball
3-2: Strikes out swinging
Batting: RHB Kenny Norton 0-0: Called Strike
0-1: Called Strike
0-2: Ball
1-2: Strikes out swinging
Batting: RHB José Valdéz 0-0: Foul Ball, location: 2F
0-1: Called Strike
0-2: Ball
1-2: Strikes out swinging
Top of the 6th over - 0 run(s), 1 hit(s), 0 error(s), 1 left on base; Sylvania 6 - Milton 0
BOTTOM OF THE 6TH
Milton Bills batting - Pitching for Sylvania Maple Leaves : LHP Dalton García
Batting: RHB Roberto Andrade 0-0: Called Strike
0-1: Ball
1-1: Ball
2-1: Swinging Strike
2-2: Ground out 2-3 (Groundball, 2L)
Batting: LHB Lance Schiffer 0-0: Called Strike
0-1: Ball
1-1: Ball
2-1: Ball
3-1: Called Strike
3-2: Fly out, F7 (Flyball, 7M)
Batting: LHB Johnny Hernández 0-0: Ball
1-0: Foul Ball, location: 2F
1-1: Ball
2-1: Ball
3-1: SINGLE (Groundball, 34D)
Batting: SHB John Allen 0-0: Ball
1-0: Swinging Strike
1-1: Foul Ball, location: 2F
1-2: Foul Ball, location: 2F
1-2: Strikes out swinging
Bottom of the 6th over - 0 run(s), 1 hit(s), 0 error(s), 1 left on base; Sylvania 6 - Milton 0
TOP OF THE 7TH
Sylvania Maple Leaves batting - Pitching for Milton Bills : RHP Louis McDowell
Pitching: RHP Alberto Medina
Batting: RHB Harris Harden 0-0: Ball
1-0: Ball
2-0: Ground out 4-3 (Groundball, 34)
Batting: RHB Bartolo García 0-0: Ball
1-0: Ball
2-0: Swinging Strike
2-1: Called Strike
2-2: Strikes out swinging
Batting: RHB Bernardo Márquez 0-0: Ball
1-0: Ball
2-0: Ball
3-0: Called Strike
3-1: Called Strike
3-2: Strikes out swinging
Top of the 7th over - 0 run(s), 0 hit(s), 0 error(s), 0 left on base; Sylvania 6 - Milton 0
BOTTOM OF THE 7TH
Milton Bills batting - Pitching for Sylvania Maple Leaves : LHP Dalton García
Batting: SHB Al Anderson 0-0: Called Strike
0-1: Ball
1-1: Ball
2-1: Fly out, F9 (Flyball, 89M)
Batting: RHB Steve McLeod 0-0: SINGLE (Line Drive, 6M)
Batting: RHB Jayson Parsons 0-0: Called Strike
0-1: Fielders Choice at 2nd, 3-6 (Groundball, 3)
Batting: LHB Edwin Church 0-0: Called Strike
Throwing error on steal attempt, E2
Jayson Parsons to third
0-1: Ground out 3-1 (Groundball, 34)
Bottom of the 7th over - 0 run(s), 1 hit(s), 1 error(s), 1 left on base; Sylvania 6 - Milton 0
TOP OF THE 8TH
Sylvania Maple Leaves batting - Pitching for Milton Bills : RHP Alberto Medina
Batting: RHB Yao-qing Ya 0-0: Foul Ball, location: 2F
0-1: Foul Ball, location: 2F
0-2: Ball
1-2: Foul Ball, location: 2F
1-2: Ball
2-2: Foul Ball, location: 2F
2-2: Strikes out swinging
Batting: LHB Chris Randolph 0-0: Ball
1-0: Ball
2-0: Fly out, F7 (Flyball, 7LM)
Batting: LHB Clyde Palmer 0-0: Called Strike
0-1: Swinging Strike
0-2: Ball
1-2: Foul Ball, location: 2F
1-2: Ball
2-2: SINGLE (Line Drive, 78S)
Batting: LHB Daniel Ruíz 0-0: Ball
1-0: Ball
2-0: Called Strike
2-1: Ball
3-1: Foul Ball, location: 2F
3-2: Strikes out looking
Top of the 8th over - 0 run(s), 1 hit(s), 0 error(s), 1 left on base; Sylvania 6 - Milton 0
BOTTOM OF THE 8TH
Milton Bills batting - Pitching for Sylvania Maple Leaves : LHP Dalton García
Batting: RHB Jim Lee 0-0: Ball
1-0: Ball
2-0: Foul Ball, location: 2F
2-1: Ball
3-1: Bunt missed!
3-2: Foul Ball, location: 2F
3-2: Fly out, F9 (Flyball, 9LM)
Batting: RHB Roberto Andrade 0-0: Ball
1-0: SINGLE (Line Drive, 78S)
Batting: LHB Lance Schiffer 0-0: Called Strike
0-1: Swinging Strike
0-2: Strikes out swinging
Batting: LHB Johnny Hernández 0-0: Ball
1-0: Called Strike
1-1: Fielders Choice at 2nd, U4 (Groundball, 4M)
Bottom of the 8th over - 0 run(s), 1 hit(s), 0 error(s), 1 left on base; Sylvania 6 - Milton 0
TOP OF THE 9TH
Sylvania Maple Leaves batting - Pitching for Milton Bills : RHP Alberto Medina
Pitching: RHP Mike Derdire
Batting: RHB Kenny Norton 0-0: Ball
1-0: Ball
2-0: Ball
3-0: Called Strike
3-1: Foul Ball, location: 2F
3-2: Foul Ball, location: 2F
3-2: Foul Ball, location: 2F
3-2: Foul Ball, location: 2F
3-2: Foul Ball, location: 2F
3-2: Base on Balls
Batting: RHB José Valdéz 0-0: Foul Ball, location: 2F
0-1: Ball
1-1: SINGLE (Groundball, 6MD)
Kenny Norton to second
Batting: RHB Harris Harden 0-0: Ball
1-0: SINGLE (Flyball, 89S)
Kenny Norton to third
José Valdéz to second
Runner from 3rd tries for Home, SAFE, no throw or cutoff
Batting: RHB Bartolo García 0-0: Called Strike
0-1: Ball
1-1: Swinging Strike
1-2: Ball
2-2: Strikes out swinging
Batting: RHB Bernardo Márquez 0-0: Swinging Strike
0-1: Ball
1-1: SINGLE (Line Drive, 89M)
José Valdéz to third
Harris Harden to second
Batting: RHB Yao-qing Ya 0-0: Ball
1-0: Ball
2-0: Ball
3-0: Base on Balls
José Valdéz scores
Harris Harden to third
Bernardo Márquez to second
Batting: LHB Chris Randolph 0-0: Called Strike
0-1: Ball
1-1: Ball
2-1: Ball
3-1: Base on Balls
Harris Harden scores
Bernardo Márquez to third
Yao-qing Ya to second
Pitching: RHP Paul O'Callahan
Batting: LHB Clyde Palmer 0-0: Ball
1-0: Ball
2-0: Ball
3-0: Base on Balls
Bernardo Márquez scores
Yao-qing Ya to third
Chris Randolph to second
Batting: LHB Daniel Ruíz 0-0: Ball
1-0: Foul Ball, location: 2F
1-1: DOUBLE (Flyball, 89D)
Yao-qing Ya scores
Chris Randolph scores
Clyde Palmer to third
Batting: RHB Kenny Norton 0-0: Called Strike
0-1: Fly out, F8 (Flyball, 8RM)
Runner from 3rd tags up, SCORES, no throw
Pinch Hitting: LHB Rafael Álvarez 0-0: Ball
1-0: Swinging Strike
1-1: Ball
2-1: Ball
3-1: Called Strike
3-2: Foul Ball, location: 2F
3-2: Base on Balls
Batting: RHB Harris Harden 0-0: Called Strike
0-1: Foul Ball, location: 2F
0-2: Ball
1-2: Ball
2-2: Fly out, F8 (Line Drive, 8LS)
Top of the 9th over - 7 run(s), 4 hit(s), 0 error(s), 2 left on base; Sylvania 13 - Milton 0
BOTTOM OF THE 9TH
Milton Bills batting - Pitching for Sylvania Maple Leaves : LHP Dalton García
Now in CF: Jim Unknown
Batting: SHB John Allen 0-0: Ball
1-0: Called Strike
1-1: Swinging Strike
1-2: Foul Ball, location: 2F
1-2: Ground out 4-3 (Groundball, 4)
Pitching: LHP Jim Unknown
Batting: SHB Al Anderson 0-0: Ball
1-0: Ball
2-0: Ground out 6-3 (Groundball, 6M)
Batting: RHB Steve McLeod 0-0: Ball
1-0: DOUBLE (Line Drive, 8LM)
Batting: RHB Jayson Parsons 0-0: Foul Ball, location: 2F
0-1: Called Strike
0-2: Ball
1-2: Strikes out swinging
Bottom of the 9th over - 0 run(s), 1 hit(s), 0 error(s), 1 left on base; Sylvania 13 - Milton 0
This league is powered by Out of the Park Baseball, the baseball management simulation game for PC, Mac and Linux
Saturday, February 27th, 2021 - OOTP Baseball 15.6 Build 34